Map: Washout LE

Players

Arrogfire - Winner!

  • Race: Protoss Protoss
  • League: Master
  • Spawn Location: 7:00

sebesdes

  • Race: Protoss Protoss
  • League: Grandmaster
  • Spawn Location: 1:00

Event: HomeStory Cup XXIX

VOD

Have the link to the VOD?

Description

Time

  • Played on: July 3, 2026, 1:04 p.m.
  • Length: 11:47

All games in this series

Show
View Real Time Build Order
Export as new Build Order

Arrogfire Protoss - Winner!

Build Orders: Phoenix Opening 

Get SALT Encoding   

  8  0:00  Probe  
  9  0:12  Probe (Chrono Boost)  
  11  0:22  Probe (Chrono Boost)  
  11  0:27  Probe (Chrono Boost)  
  11  0:32  Pylon  
  12  0:38  Probe  
  13  0:50  Probe  
  13  0:55  Gateway  
  14  1:03  Probe (Chrono Boost)  
  15  1:05  Assimilator  
  15  1:13  Probe (Chrono Boost)  
  15  1:14  Assimilator  
  15  1:18  Probe (Chrono Boost)  
  17  1:29  Probe  
  18  1:34  Gateway  
  18  1:41  Probe  
  19  1:48  Cybernetics Core  
  19  1:53  Probe  
  20  1:58  Pylon  
  20  2:05  Probe  
  21  2:17  Probe  
  22  2:24  Stalker x2  
  22  2:28  Warp Gate  
  26  2:33  Probe  
  27  2:42  Pylon  
  27  2:48  Pylon  
  27  2:51  Phoenix, Sentry  
  29  3:00  Probe  
  30  3:12  Probe  
  31  3:22  Nexus  
  31  3:24  Probe  
  34  3:31  Twilight Council  
  32  3:36  Probe (Chrono Boost)  
  33  3:43  Sentry  
  37  3:49  Pylon  
  37  3:53  Probe (Chrono Boost)  
  36  3:58  Probe (Chrono Boost)  
  36  4:02  Blink (Chrono Boost)  
  37  4:10  Phoenix, Probe  
  38  4:20  Adept x2  
  38  4:22  Probe  
  43  4:29  Gateway  
  43  4:34  Probe (Chrono Boost)  
  45  4:40  Probe (Chrono Boost)  
  45  4:43  Probe (Chrono Boost)  
  46  4:47  Probe (Chrono Boost)  
  46  4:48  Probe (Chrono Boost)  
  46  4:49  Stalker  
  50  4:58  Probe  
  51  5:00  Gateway, Probe  
  52  5:08  Stalker  
  52  5:10  Probe  
  52  5:12  Probe  
  56  5:15  Pylon  
  56  5:21  Assimilator, Gateway  
  56  5:22  Probe  
  56  5:25  Probe  
  56  5:27  Phoenix  
  58  5:35  Stalker x2, Pylon  
  60  5:41  Phoenix  
  64  5:46  Gateway  
  62  5:51  Stalker  
  62  5:54  Stalker  
  66  5:57  Stalker  
  66  5:58  Stalker  
  66  6:01  Probe  
  69  6:25  Probe  
  69  6:26  Probe  
  69  6:29  Stalker x2  
  69  6:32  Nexus  
  73  6:35  Pylon  
  73  6:38  Probe  
  73  6:49  Probe  
  73  6:52  Pylon  
  73  6:53  Probe  
  75  6:55  Stalker  
  75  6:56  Stalker x2  
  75  6:58  Pylon  
  81  7:02  Charge  
  81  7:04  Forge  
  81  7:10  Probe x2  
  83  7:19  Phoenix  
  83  7:22  Stalker x3  
  85  7:24  Shield Battery  
  85  7:26  Probe x2  
  79  7:36  Stalker x3  
  81  7:37  Protoss Ground Weapons Level 1 (Chrono Boost)  
  81  7:40  Probe (Chrono Boost)  
  81  7:43  Probe (Chrono Boost)  
  83  7:50  Probe (Chrono Boost), Shield Battery  
  85  7:52  Stalker  
  85  7:57  Probe (Chrono Boost), Shield Battery  
  85  7:58  Sentry  
  89  7:59  Shield Battery  
  89  8:02  Sentry  
  88  8:09  Stalker x3  
  82  8:15  Stalker  
  80  8:23  Stalker  
  63  8:36  Stalker x3  
  63  8:44  Probe (Chrono Boost)  
  63  8:47  Probe (Chrono Boost)  
  64  8:49  Zealot x3, Probe (Chrono Boost)  
  71  8:57  Probe (Chrono Boost)  
  71  8:58  Probe (Chrono Boost)  
  71  9:00  Probe (Chrono Boost)  
  71  9:01  Zealot  
  71  9:02  Zealot x2  
  79  9:04  Probe (Chrono Boost)  
  79  9:05  Probe (Chrono Boost)  
  79  9:06  Probe (Chrono Boost)  
  74  9:24  Zealot x6  
  74  9:27  Probe x2  
  78  9:31  Probe  
  77  9:38  Templar Archives  
  77  9:39  Probe  
  76  9:49  Gateway  
  76  9:50  Zealot x3, Gateway  
  76  9:51  Sentry  
  78  9:57  Zealot x2  
  80  10:10  Stalker x3  
  84  10:17  Stalker  
  84  10:18  Probe  
  83  10:24  Stalker x2  
  83  10:25  Nexus  
  75  10:35  Zealot  
  75  10:36  Zealot x2  
  77  10:43  Zealot  
  77  10:47  Zealot x2  
  83  10:50  Zealot  
  83  10:52  Probe x2  
  83  10:53  Stalker  
  89  11:00  Zealot x3  
  87  11:10  Zealot x4  
  89  11:13  Pylon  
  89  11:14  Pylon  
  89  11:17  Probe x2  
  91  11:22  High Templar x2  
  91  11:23  Zealot x2  
  93  11:27  Archon  
Show
View Real Time Build Order
Export as new Build Order

sebesdes Protoss 

Build Orders: Phoenix Opening 

Get SALT Encoding   

  8  0:00  Probe (Chrono Boost)  
  9  0:12  Probe (Chrono Boost)  
  10  0:18  Probe (Chrono Boost)  
  11  0:26  Probe  
  12  0:31  Pylon  
  12  0:38  Probe  
  13  0:51  Probe  
  13  0:54  Gateway  
  14  1:03  Probe (Chrono Boost)  
  15  1:05  Assimilator  
  16  1:12  Probe (Chrono Boost)  
  16  1:14  Assimilator  
  16  1:17  Probe (Chrono Boost)  
  17  1:29  Probe  
  17  1:32  Gateway  
  18  1:41  Probe  
  18  1:45  Cybernetics Core  
  19  1:53  Probe  
  20  1:58  Pylon  
  20  2:05  Probe  
  21  2:17  Probe  
  21  2:21  Stalker  
  24  2:23  Stalker  
  24  2:26  Warp Gate  
  26  2:30  Probe  
  27  2:38  Pylon  
  27  2:43  Probe  
  28  2:48  Pylon  
  28  2:55  Phoenix, Probe  
  28  2:56  Sentry  
  31  3:22  Nexus  
  31  3:26  Shield Battery  
  31  3:30  Sentry  
  31  3:32  Sentry  
  35  3:34  Probe  
  36  3:44  Pylon  
  36  3:46  Probe  
  37  3:56  Twilight Council  
  38  4:02  Probe (Chrono Boost)  
  38  4:12  Probe (Chrono Boost)  
  38  4:15  Adept x2  
  43  4:17  Probe (Chrono Boost)  
  43  4:23  Blink (Chrono Boost)  
  44  4:29  Probe  
  45  4:35  Probe  
  46  4:40  Stalker  
  46  4:41  Probe  
  49  4:47  Probe  
  48  4:53  Adept, Probe  
  52  5:00  Probe  
  52  5:02  Assimilator  
  52  5:05  Probe  
  53  5:08  Robotics Facility  
  53  5:10  Stalker  
  53  5:12  Probe  
  56  5:17  Pylon, Probe  
  57  5:21  Pylon  
  57  5:24  Probe  
  57  5:26  Forge  
  58  5:35  Probe  
  59  5:37  Stalker x2  
  59  5:39  Probe  
  64  5:47  Probe  
  65  5:50  Gateway  
  65  5:52  Immortal (Chrono Boost)  
  69  5:57  Probe  
  69  6:00  Stalker  
  69  6:02  Sentry  
  74  6:08  Pylon  
  74  6:10  Assimilator  
  74  6:17  Probe  
  73  6:21  Probe  
  73  6:25  Protoss Ground Weapons Level 1 (Chrono Boost), Immortal (Chrono Boost)  
  71  6:29  Probe  
  76  6:33  Probe  
  77  6:41  Probe  
  77  6:42  Stalker x2  
  77  6:46  Pylon  
  82  6:47  Pylon  
  82  7:04  Warp Prism, Probe, Stalker  
  82  7:05  Stalker  
  89  7:16  Pylon  
  89  7:19  Stalker  
  79  7:37  Stalker x2  
  79  7:39  Probe  
  84  7:45  Stalker  
  84  7:46  Probe  
  84  7:50  Nexus  
  84  7:51  Pylon  
  87  7:58  Probe  
  87  7:59  Gateway  
  87  8:01  Sentry x2  
  92  8:09  Probe  
  92  8:11  Probe  
  84  8:16  Immortal, Stalker  
  86  8:23  Stalker x2  
  86  8:25  Probe  
  84  8:27  Probe  
  76  8:37  Probe  
  76  8:39  Probe  
  72  8:42  Protoss Ground Weapons Level 2 (Chrono Boost)  
  72  8:47  Stalker x3  
  68  8:49  Probe  
  68  8:54  Probe  
  70  9:02  Probe  
  71  9:05  Immortal, Gateway  
  71  9:07  Gateway  
  74  9:10  Sentry x3  
  74  9:12  Probe  
  81  9:23  Probe  
  74  9:25  Probe  
  74  9:28  Probe  
  70  9:33  Stalker x3  
  70  9:35  Probe  
  70  9:37  Probe  
  74  9:42  Probe  
  62  9:51  Immortal  
  63  9:56  Stalker x3  
  65  10:01  Probe x2 (Chrono Boost)  
  65  10:06  Stalker x2  
  71  10:13  Probe (Chrono Boost)  
  71  10:18  Stalker x2, Probe (Chrono Boost)  
  69  10:22  Stalker  
  69  10:23  Probe x2 (Chrono Boost)  
  69  10:27  Stalker  
  73  10:29  Probe  
  74  10:36  Probe  
  74  10:42  Zealot x2, Pylon  
  76  10:44  Zealot, Probe  
  76  10:47  Zealot  
  76  10:49  Sentry  
  83  10:59  Probe  
  83  11:02  Stalker  
  77  11:17  Nexus  
  77  11:19  Sentry  
  77  11:21  Sentry  
  71  11:26  Zealot  
Tags
 
Add a new tag
Caveats
  • Supply blocks, unpowered buildings, or Contaminate may cause inaccurate times.
  • Supply counts are checked every 10 seconds.